 Dungeon Sprint DCSS version 0.28.0-53-g5a82cb258f (webtiles) character file.

Game seed: 16719587326759319403

22286 Zeld the Archmage (level 12, -3/59 HPs)
             Began as a Deep Elf Conjurer on May 31, 2022.
             Was the Champion of Sif Muna.
             Slain by a spriggan defender
             ... wielding a +5 vorpal flail
              (19 damage)
             ... in the Dungeon (Sprint IV: "Fedhas' Mad Dash").
             The game lasted 00:09:48 (8064 turns).

Zeld the Archmage (Deep Elf Conjurer)               Turns: 8064, Time: 00:09:49

Health: -3/59      AC:  3    Str:  4    XL:     12   Next: 61%
Magic:  17/45      EV: 12    Int: 29    God:    Sif Muna [******]
Gold:   93         SH:  0    Dex: 13    Spells: 22/65 levels left

rFire   . . .      SeeInvis +   (no weapon)
rCold   . . .      Faith    .   (no shield)
rNeg    . . .      Spirit   .   a - +0 robe
rPois   .          Reflect  .   h - +0 helmet
rElec   .          Harm     .   (no cloak)
rCorr   .          Rampage  .   (no gloves)
Will    +....      NoTele   +   (no boots)
Stlth   ++........              i - amulet of invisibility {+Inv}
HPRegen 0.19/turn               c - ring of see invisible
MPRegen 0.29/turn               (no ring)

@: no status effects
A: no striking features
a: Renounce Religion, Evoke Invisibility, Channel Magic, Forget Spell, Divine
Exegesis


You were in the Dungeon.
You worshipped Sif Muna.
Sif Muna was exalted by your worship.
You visited 1 branch You collected 541 gold pieces.
You spent 448 gold pieces at shops.

Inventory:

Armour
 a - a +0 robe (worn)
 h - a +0 helmet (worn)
Jewellery
 c - a ring of see invisible (left hand)
 i - the amulet of invisibility (around neck) {+Inv}
   (You found it in the Dungeon)

   [amulet of nothing]

   +Inv:      It lets you turn invisible.
Wands
 m - a wand of digging (3)
Scrolls
 g - 2 scrolls of blinking
Potions
 b - 3 potions of curing
 d - a potion of haste
 e - a potion of magic
 f - 3 potions of berserk rage
 j - a potion of resistance {unknown}
 k - 2 potions of degeneration {unknown}
 l - a potion of flight {unknown}
 n - 2 potions of heal wounds
 o - a potion of invisibility {unknown}


   Skills:
 - Level 2.4 Dodging
 - Level 2.4 Stealth
 O Level 27 Spellcasting
 * Level 24.2 Conjurations
 - Level 2.0 Hexes
 - Level 2.0 Translocations
 - Level 12.0 Invocations


You had 22 spell levels left.
You knew the following spells:

 Your Spells              Type           Power      Damage    Failure   Level
a - Magic Dart            Conj           100%       1d8       0%          1
b - Searing Ray           Conj           100%       2d8       0%          2
c - Fulminant Prism       Conj/Hex       43%        3d20      1%          4
d - Iskenderun's Mystic   Conj/Tloc      86%        2d17      1%          4
e - Lightning Bolt        Conj/Air       41%        1d60      1%          5
f - Conjure Ball Lightni  Conj/Air       41%        3x3d13    1%          6
x - Orb of Destruction    Conj           54%        9d14      1%          7
y - Fireball              Conj/Fire      41%        3d17      1%          5
z - Dragon's Call         Summ           19%        N/A       100%        9

Your spell library contained the following spells:

 Spells                   Type           Power      Damage    Failure   Level
 Foxfire                  Conj/Fire      100%       2x1d9     0%          1
 Shock                    Conj/Air       100%       1d9       0%          1
 Static Discharge         Conj/Air       83%        N/A       0%          2
 Conjure Flame            Conj/Fire      83%        6-21      0%          3
 Dazzling Flash           Conj/Hex       100%       N/A       0%          3
 Stone Arrow              Conj/Erth      100%       3d13      0%          3
 Iskenderun's Battlesphe  Conj           100%       2d15      0%          5
 Freeze                   Ice            100%       1d11      1%          1
 Frozen Ramparts          Ice            78%        1d9       1%          3
 Ignite Poison            Fire/Tmut/Pois 39%        N/A       1%          3
 Inner Flame              Hex/Fire       44%        N/A       1%          3
 Mephitic Cloud           Conj/Pois/Air  72%        N/A       1%          3
 Flame Wave               Conj/Fire      83%        2d14      1%          4
 Hailstorm                Conj/Ice       83%        3d17      1%          4
 Freezing Cloud           Conj/Ice/Air   36%        6-21      1%          5
 Irradiate                Conj/Tmut      41%        3d27      1%          5
 Starburst                Conj/Fire      41%        6d12      1%          6
 Animate Dead             Necr           19%        N/A       6%          4
 Summon Lightning Spire   Summ/Air       39%        N/A       6%          4
 Borgnjor's Vile Clutch   Necr/Erth      19%        N/A       19%         5
 Lehudib's Crystal Spear  Conj/Erth      41%        10d10     30%         8
 Statue Form              Tmut/Erth      26%        N/A       69%         6
 Chain Lightning          Conj/Air       41%        3d55      99%         9
 Shatter                  Erth           19%        3d18*     100%        9


Dungeon Overview and Level Annotations

Branches:
Dungeon (1/1)

Altars:
Cheibriados
Dithmenos
Elyvilon
Gozag
Hepliaklqana
Kikubaaqudgha
Makhleb
Nemelex Xobeh
Okawaru
Qazlal
Ru
Sif Muna
Trog
Uskayaw
Vehumet
Wu Jian
Xom
Yredelemnul
Zin
The Shining One
Beogh
Jiyva
Lugonu

Shops:
D **:[[*[==:([==**!?[(=


Message History

Aim: a spriggan berserker, wielding a +1 antimagic rapier and wearing a +0 animal skin (almost dead, regenerating, strong-willed, 39% to hit)
You hear a mighty clap of thunder!
The bolt of lightning hits the spriggan berserker!!
You kill the spriggan berserker!
Sif Muna accepts your kill.
The elephant is no longer berserk.
The elephant disappears in a puff of smoke!
The bolt of lightning hits the spriggan defender.
The spriggan defender is lightly wounded.
Your Conjurations skill increases to level 24!
Unknown command.
Casting: Lightning Bolt (safe; 1% risk of failure)
Confirm with . or Enter, or press ? or * to list all spells.
Aiming: Lightning Bolt (safe; 1% risk of failure)
Press: ? - help, Shift-Dir - straight line, f - spriggan defender
Aim: a spriggan defender, wielding a +5 vorpal flail, wearing a +0 robe and wearing a +0 buckler (lightly wounded, 29% to hit)
You hear a mighty clap of thunder!
The bolt of lightning hits the spriggan defender!!!
The spriggan defender is heavily wounded.
Casting: Lightning Bolt (safe; 1% risk of failure)
Confirm with . or Enter, or press ? or * to list all spells.
Aiming: Lightning Bolt (safe; 1% risk of failure)
Press: ? - help, Shift-Dir - straight line, f/p - spriggan defender
Aim: a spriggan defender, wielding a +5 vorpal flail, wearing a +0 robe and wearing a +0 buckler (heavily wounded, 29% to hit)
You hear a mighty clap of thunder!
The bolt of lightning misses the spriggan defender.
Unknown command.
Casting: Lightning Bolt (safe; 1% risk of failure)
Confirm with . or Enter, or press ? or * to list all spells.
Aiming: Lightning Bolt (safe; 1% risk of failure)
Press: ? - help, Shift-Dir - straight line, f/p - spriggan defender
Aim: a spriggan defender, wielding a +5 vorpal flail, wearing a +0 robe and wearing a +0 buckler (heavily wounded, 29% to hit)
You hear a mighty clap of thunder!
The bolt of lightning hits the spriggan defender!!
The spriggan defender is almost dead.
The spriggan defender hits you with a +5 vorpal flail!!
Ouch! That really hurt!
* * * LOW HITPOINT WARNING * * *
The spriggan defender hits you with a +5 vorpal flail!!
You die...

# #....'.........# #
#....#####P....+ ##....#
##################
##.....#####∩∩∩#............#####
.......'....∩.∩'............')...
.......#####∩∩∩#............#####
######## ######################
♣..♣..♣..♣..♣..♣..♣..♣..
...)..i@......)..)...).)
♣..♣..♣..♣..♣..♣..♣..♣.. ##
##################


You could see a spriggan defender.

Vanquished Creatures
  Agnes (D)
  A ghost moth (D)
  2 spriggan defenders (D)
  4 spriggan berserkers (D)
  3 spriggan druids (D)
  21 oklob plants (D)
  3 moths of wrath (D)
  4 demonic crawlers (D)
  3 wandering mushrooms (D)
  3 burning bushes (D)
  7 hornets (D)
  A queen bee (D)
  4 scorpions (D)
  4 killer bees (D)
  5 oklob saplings (D)
  9 spriggans (D)
  A river rat (D)
  A rat (D)
  2 ballistomycete spores (D)
79 creatures vanquished.

Vanquished Creatures (others)
  A bush (D)
  16 fulminant prisms (D)
  3 fungi (D)
20 creatures vanquished.

Grand Total: 99 creatures vanquished

Notes
Turn   | Place    | Note
-------+----------+-------------------------------------------
     0 | D        | Zeld the Deep Elf Conjurer began the quest for the Orb.
     0 | D        | Reached XP level 1. HP: 10/10 MP: 6/6
     7 | D        | Reached skill level 4 in Spellcasting
     7 | D        | Reached skill level 5 in Conjurations
     7 | D        | Reached skill level 1 in Hexes
     7 | D        | Reached skill level 1 in Translocations
     7 | D        | Reached XP level 2. HP: 15/15 MP: 3/9
    11 | D        | Learned a level 2 spell: Searing Ray
   215 | D        | Noticed an oklob sapling
   217 | D        | Killed an oklob sapling
   218 | D        | Reached skill level 6 in Spellcasting
   218 | D        | Reached XP level 3. HP: 19/19 MP: 6/12
   464 | D        | Noticed a scorpion
   464 | D        | Found the amulet of invisibility {+Inv}
   468 | D        | Killed a scorpion
   469 | D        | Reached skill level 8 in Spellcasting
   469 | D        | Reached XP level 4. HP: 17/24 MP: 8/16
   652 | D        | Learned a level 4 spell: Fulminant Prism
   657 | D        | Learned a level 4 spell: Iskenderun's Mystic Blast
   659 | D        | Found an opulent altar of Gozag.
   659 | D        | Found a hazy altar of Hepliaklqana.
   659 | D        | Found a burning altar of Makhleb.
   659 | D        | Found a sparkling altar of Nemelex Xobeh.
   659 | D        | Found a snail-covered altar of Cheibriados.
   659 | D        | Found a sacrificial altar of Ru.
   659 | D        | Found a shimmering blue altar of Sif Muna.
   659 | D        | Found a shimmering altar of Xom.
   659 | D        | Found a basalt altar of Yredelemnul.
   660 | D        | Found a viscous altar of Jiyva.
   660 | D        | Found a bloodstained altar of Trog.
   660 | D        | Found an ornate altar of the Wu Jian Council.
   685 | D        | Found an iron altar of Okawaru.
   685 | D        | Found a shadowy altar of Dithmenos.
   685 | D        | Found a glowing silver altar of Zin.
   686 | D        | Found a hide-covered altar of Uskayaw.
   686 | D        | Found an ancient bone altar of Kikubaaqudgha.
   687 | D        | Found a stormy altar of Qazlal.
   687 | D        | Found a glowing golden altar of the Shining One.
   687 | D        | Found a white marble altar of Elyvilon.
   688 | D        | Found a radiant altar of Vehumet.
   688 | D        | Found a corrupted altar of Lugonu.
   690 | D        | Became a worshipper of Sif Muna the Loreminder
   694 | D        | Reached skill level 9 in Spellcasting
   694 | D        | Reached XP level 5. HP: 28/28 MP: 8/19
   957 | D        | Reached skill level 10 in Spellcasting
  1127 | D        | Reached * piety under Sif Muna
  1128 | D        | Reached skill level 11 in Spellcasting
  1130 | D        | Reached skill level 10 in Conjurations
  1130 | D        | Reached XP level 6. HP: 23/32 MP: 11/22
  1321 | D        | Found Vanlon Atzix's Assorted Antiques.
  1321 | D        | Found Xasi's Jewellery Emporium.
  1324 | D        | Bought a fizzy black potion for 18 gold pieces
  1324 | D        | Bought a fizzy black potion for 18 gold pieces
  1324 | D        | Bought a golden potion for 18 gold pieces
  1528 | D        | Noticed a burning bush
  1528 | D        | Noticed a wandering mushroom
  1531 | D        | Reached ** piety under Sif Muna
  1531 | D        | Noticed a wandering mushroom
  1532 | D        | Reached skill level 12 in Spellcasting
  1535 | D        | Killed a wandering mushroom
  1535 | D        | Killed a wandering mushroom
  1536 | D        | Reached skill level 15 in Spellcasting
  1536 | D        | Reached XP level 7. HP: 36/36 MP: 11/27
  1538 | D        | Killed a burning bush
  1539 | D        | Reached XP level 8. HP: 41/41 MP: 8/29
  1659 | D        | Found Vuoptaun's Magic Scroll Shoppe.
  1660 | D        | Found Otips's Armour Emporium.
  1701 | D        | Reached *** piety under Sif Muna
  1702 | D        | Reached skill level 16 in Spellcasting
  1747 | D        | Noticed a queen bee
  1752 | D        | Reached **** piety under Sif Muna
  1755 | D        | Killed a queen bee
  1756 | D        | Reached skill level 17 in Spellcasting
  1999 | D        | Noticed an oklob plant
  2007 | D        | Killed an oklob plant
  2008 | D        | Reached skill level 15 in Conjurations
  2087 | D        | Noticed a burning bush
  2094 | D        | Killed a burning bush
  2095 | D        | Reached skill level 18 in Spellcasting
  2095 | D        | Reached XP level 9. HP: 12/45 MP: 24/33
  2422 | D        | Identified the +1 ring mail "Mezxun" {Dex+6}
  2433 | D        | Noticed a burning bush
  2433 | D        | Noticed an oklob plant
  2440 | D        | Killed a burning bush
  2602 | D        | Noticed a wandering mushroom
  2611 | D        | Killed an oklob plant
  2611 | D        | Reached ***** piety under Sif Muna
  2611 | D        | Killed a wandering mushroom
  2612 | D        | Reached skill level 19 in Spellcasting
  2796 | D        | Noticed a spriggan druid
  2799 | D        | Killed a spriggan druid
  2800 | D        | Reached skill level 20 in Spellcasting
  2958 | D        | Noticed an oklob plant conjurer
  2960 | D        | Killed an oklob plant conjurer
  2960 | D        | Received a gift from Sif Muna
  2963 | D        | Got Muvuar's Tome of Damaging Clay {god gift}
  3037 | D        | Noticed an oklob plant
  3037 | D        | Noticed an oklob plant summoner
  3038 | D        | Noticed an oklob plant shifter
  3051 | D        | Killed an oklob plant summoner
  3051 | D        | Killed an oklob plant shifter
  3052 | D        | Reached XP level 10. HP: 50/50 MP: 24/36
  3054 | D        | Killed an oklob plant
  3055 | D        | Reached skill level 21 in Spellcasting
  3134 | D        | Reached skill level 5 in Invocations
  3134 | D        | Noticed a spriggan rider
  3184 | D        | Found Kithriymp's Weapon Emporium.
  3261 | D        | Found Sij Zuhy's Jewellery Shoppe.
  3351 | D        | Noticed Agnes
  3355 | D        | Noticed a spriggan berserker
  3359 | D        | Killed a spriggan berserker
  3360 | D        | Reached skill level 22 in Spellcasting
  3362 | D        | Killed Agnes
  3362 | D        | Noticed a spriggan defender
  3367 | D        | Found Haowumo's Assorted Antiques.
  3371 | D        | Killed a spriggan defender
  3371 | D        | Received a gift from Sif Muna
  3372 | D        | Reached XP level 11. HP: 54/54 MP: 29/39
  3374 | D        | Got Sif Muna's Papyrus of Fiery Lightness {god gift}
  3375 | D        | Found Siapha's Distillery.
  3382 | D        | Learned a level 5 spell: Lightning Bolt
  3683 | D        | Bought a ring of see invisible for 150 gold pieces
  3749 | D        | Bought a potion of curing for 33 gold pieces
  3939 | D        | Noticed a spriggan rider
  3941 | D        | Killed a spriggan rider
  3942 | D        | Reached skill level 23 in Spellcasting
  4151 | D        | Noticed a ghost moth
  4424 | D        | Killed a ghost moth
  4628 | D        | Noticed an oklob plant shifter
  4628 | D        | Noticed an oklob plant meteorologist
  4961 | D        | Found Xaerrua's Assorted Antiques.
  4961 | D        | Found Fups's Assorted Antiques.
  4961 | D        | Found Qeypen's Book Emporium.
  4984 | D        | Killed an oklob plant meteorologist
  4984 | D        | Received a gift from Sif Muna
  4985 | D        | Reached skill level 24 in Spellcasting
  4986 | D        | Killed an oklob plant shifter
  4989 | D        | Got Waitz's Grimoire of Serendipity {god gift}
  4997 | D        | Learned a level 6 spell: Conjure Ball Lightning
  5027 | D        | Noticed a spriggan rider
  5449 | D        | Noticed an oklob plant summoner
  5451 | D        | Killed an oklob plant summoner
  5452 | D        | Found Zeeceista's Armour Emporium.
  5453 | D        | Found Kypow's Jewellery Shop.
  5588 | D        | Bought a scroll of blinking for 82 gold pieces
  5661 | D        | Bought 2 potions of heal wounds for 110 gold pieces
  5663 | D        | Bought a sedimented brown potion for 19 gold pieces
  5724 | D        | Found Syoves's Armour Shoppe.
  5724 | D        | Found Jicevis's Assorted Antiques.
  5724 | D        | Found Hiyl Ruts's Antique Armour Shop.
  5724 | D        | Found Suudam's Jewellery Emporium.
  5724 | D        | Found Wal Wyce's Antique Armour Shoppe.
  5725 | D        | Found Letet's Book Emporium.
  5725 | D        | Found Qotoh's Weapon Shop.
  5725 | D        | Found Zuhuus's Jewellery Boutique.
  5849 | D        | Noticed an oklob plant
  5849 | D        | Noticed an oklob plant
  5849 | D        | Noticed an oklob plant
  5849 | D        | Noticed an oklob plant
  5849 | D        | Noticed an oklob plant
  5849 | D        | Noticed an oklob plant
  5852 | D        | Killed an oklob plant
  5852 | D        | Killed an oklob plant
  5853 | D        | Reached skill level 10 in Invocations
  5854 | D        | Killed an oklob plant
  5854 | D        | Received a gift from Sif Muna
  5857 | D        | Killed an oklob plant
  5858 | D        | Reached skill level 25 in Spellcasting
  5858 | D        | Got Sif Muna's Compendium of Creative Attacks {god gift}
  5870 | D        | Learned a level 9 spell: Dragon's Call
  6106 | D        | Noticed an oklob plant
  6107 | D        | Noticed an oklob plant
  6110 | D        | Killed an oklob plant
  6112 | D        | Killed an oklob plant
  6114 | D        | Killed an oklob plant
  6114 | D        | Reached ****** piety under Sif Muna
  6270 | D        | Killed an oklob plant
  6270 | D        | Received a gift from Sif Muna
  6540 | D        | Noticed an oklob plant
  6542 | D        | Got Sif Muna's Almanac of Lethal Ignition {god gift}
  6549 | D        | Learned a level 5 spell: Fireball
  6750 | D        | Noticed an oklob plant
  6929 | D        | Noticed an oklob plant
  6930 | D        | Noticed an oklob plant
  6932 | D        | Killed an oklob plant
  6933 | D        | Reached XP level 12. HP: 59/59 MP: 32/43
  6965 | D        | Noticed a death yak
  6969 | D        | Reached skill level 26 in Spellcasting
  7192 | D        | Received a gift from Sif Muna
  7388 | D        | Noticed a spriggan defender
  7395 | D        | Killed a spriggan defender
  7588 | D        | Received a gift from Sif Muna
  7600 | D        | Learned a level 7 spell: Orb of Destruction
  7792 | D        | Reached skill level 27 in Spellcasting
  8060 | D        | Noticed a spriggan defender
  8064 | D        | Slain by a spriggan defender

Illustrated notes

Levels and vault maps discovered:
D:        dungeon_sprint_fedhas [sprint_temple]

Skill      XL: |  1  2  3  4  5  6  7  8  9 10 11 12 |
---------------+-------------------------------------+-----
Spellcasting   | 4 6 8 9 11 15 18 20 22 25 27 | 27.0
Conjurations   | 5 6 7 8 10 13 15 18 19 22 24 | 24.2
Hexes          | 1 2 |  2.0
Translocations | 1 2 |  2.0
Invocations    | 4 7 11 12 | 12.0
Dodging        | |  2.4
Stealth        | |  2.4

Action                   |  1- 3 |  4- 6 |  7- 9 | 10-12 || total
-------------------------+-------+-------+-------+-------++-------
Melee: Unarmed           |       |       |     1 |     1 ||     2
 Cast: Magic Dart        |     4 |       |       |     4 ||     8
       Searing Ray       |     2 |     3 |     5 |       ||    10
       Fulminant Prism   |       |     3 |    10 |     3 ||    16
       Iskenderun's Myst |       |     3 |    19 |    53 ||    75
       Lightning Bolt    |       |       |       |    62 ||    62
       Fireball          |       |       |       |     5 ||     5
Invok: Channel Magic     |       |       |       |     7 ||     7
 Abil: Evoke Invisibilit |       |     3 |     7 |     5 ||    15
  Use: Potion            |       |       |       |     3 ||     3
       Scroll            |       |       |       |     1 ||     1
Armor: Robe              |       |     1 |       |       ||     1
Dodge: Dodged            |     2 |       |     1 |     5 ||     8
